 Dungeon Crawl Stone Soup version 0.23.2-11-gf996548c65 (webtiles) character file.

Game seed: 2086594867879514025

142 Gazerockf the Ruffian (level 5, -1/50 HPs)
             Began as a Troll Monk on June 4, 2019.
             Slain by an orc
             ... wielding a +0 morningstar
              (4 damage)
             ... on level 3 of the Dungeon.
             The game lasted 00:04:40 (1198 turns).

Gazerockf the Ruffian (Troll Monk)                  Turns: 1198, Time: 00:04:40

Health: -1/50      AC:  7    Str: 19    XL:     5   Next: 3%
Magic:  4/4        EV: 10    Int:  6    God:
Gold:   124        SH:  4    Dex: 13    Spells: 4/4 levels left

rFire    x . .     SeeInvis .     - Unarmed
rCold    + + .     Gourm    +   (no shield)
rNeg     . . .     Faith    .   a - +1 robe
rPois    .         Spirit   .   (helmet restricted)
rElec    .         Reflect  +   (no cloak)
rCorr    .         Harm     .   (gloves unavailable)
MR       .....                  (boots unavailable)
Stlth    ++........             e - +4 amulet of reflection
HPRegen  0.56/turn              j - ring of ice
MPRegen  0.09/turn              q - ring of protection from cold

@: no status effects
A: large, unfitting armour, claws 3, fast metabolism 3, gourmand, regeneration
1, shaggy fur 1, tough skin 3
a: no special abilities


You were on level 3 of the Dungeon.
You were very full.

You visited 1 branch of the dungeon, and saw 3 of its levels.

You collected 124 gold pieces.

Inventory:

Armour
 a - a +1 robe (worn)
 t - a +1 pair of boots
 u - a +2 helmet
 v - a +0 robe
Jewellery
 e - a +4 amulet of reflection (around neck)
 j - a ring of ice (left claw)
 q - a ring of protection from cold (right claw)
Scrolls
 c - a scroll of enchant armour
 f - 2 scrolls of teleportation
 g - 2 scrolls of identify
 h - 2 scrolls of immolation
 s - 2 scrolls of fog
Potions
 d - a potion of curing {unknown}
 k - 2 potions of resistance {unknown}
 o - a potion of haste {unknown}
Comestibles
 b - 8 rations
 p - 11 chunks of flesh


   Skills:
 - Level 2.4 Fighting
 - Level 2.4 Dodging
 - Level 1.0 Stealth
 * Level 5.8 Unarmed Combat


You had 4 spell levels left.
You didn't know any spells.
Your spell library was empty.

Dungeon Overview and Level Annotations

Branches:
Dungeon (3/15)

Altars:
Yredelemnul


Innate Abilities, Weirdness & Mutations

You are too large for most types of armour.
You have claws for hands.
Your metabolism is lightning-fast.
You like to eat raw meat.
Your natural rate of healing is unusually fast.
You are covered in fur. (AC +1)
You have extremely tough skin. (AC +3)


Message History

The orc wizard hits you with a +0 dagger.
* * * LOW HITPOINT WARNING * * *
You claw the orc wizard!
The orc wizard is severely wounded.
The orc hits you but does no damage. The orc barely misses you.
The orc wizard casts a spell.
The orc wizard seems to speed up.
You claw the orc wizard!
You kill the orc wizard!
You have reached level 5!
The orc barely misses you.
You closely miss the orc. The orc closely misses you.
You scratch the orc.
The orc is severely wounded.
You block the orc's attack. The orc hits you with a +0 morningstar.
* * * LOW HITPOINT WARNING * * *
You scratch the orc but do no damage. You claw the orc.
You kill the orc!
You closely miss the orc. The orc hits you with a +0 morningstar.
You die...

.###...#⌠#..............#
#.......#........#......#
................$#......##.
#..#..........#..#......$.
..##[.÷.......##........#
........................###
......≈≈≈≈≈≈.......).......
)....≈≈####≈≈...o).........
.....≈## ##≈...@)#####....
.....≈# #≈....#⌠# . #....≈#
#≈.....## .....≈##
##≈......#
.....≈≈####≈≈......#
......≈≈≈≈≈≈.......#
...................#
..##..........##..##
...#..........#..##


You could see an orc.

Vanquished Creatures
  An orc wizard (D:3)
  4 adders
  2 worms
  A dart slug (D:1)
  3 leopard geckos (D:3)
  5 orcs (D:3)
  6 giant cockroaches
  7 hobgoblins
  4 jackals (D:2)
  2 kobolds (D:1)
  A quokka (D:2)
  2 ball pythons
  4 bats
  5 frilled lizards
  8 goblins
  5 rats (D:1)
60 creatures vanquished.

Notes
Turn   | Place    | Note
-------+----------+-------------------------------------------
     0 | D:1      | Gazerockf the Troll Monk began the quest for the Orb.
     0 | D:1      | Reached XP level 1. HP: 22/22 MP: 0/0
    36 | D:1      | Found a basalt altar of Yredelemnul.
   125 | D:1      | Reached XP level 2. HP: 29/29 MP: 1/1
   322 | D:1      | Reached skill level 4 in Unarmed Combat
   590 | D:2      | Reached XP level 3. HP: 36/36 MP: 2/2
   970 | D:3      | Reached XP level 4. HP: 43/44 MP: 3/3
   978 | D:3      | Reached skill level 5 in Unarmed Combat
  1190 | D:3      | HP: 2/44 [orc/+0 flail (8)]
  1194 | D:3      | Reached XP level 5. HP: 2/50 MP: 4/4
  1196 | D:3      | HP: 2/50 [orc/+0 morningstar (1)]
  1198 | D:3      | Slain by an orc

Skill      XL: |  1  2  3  4 |
---------------+-------------+-----
Unarmed Combat | 4 5 |  5.8
Fighting       | |  2.4
Dodging        | |  2.4
Stealth        | |  1.0

Action                   |  1- 3 |  4- 6 || total
-------------------------+-------+-------++-------
Melee: Unarmed           |    90 |    77 ||   167
       Punch             |       |     2 ||     2
  Use: Scroll            |    10 |       ||    10
 Stab: Distracted        |     1 |       ||     1
  Eat: Chunk             |    14 |     2 ||    16
Armor: Robe              |    26 |    23 ||    49
       Skin              |     1 |       ||     1
Dodge: Dodged            |    39 |    41 ||    80
Block: Other             |     9 |    13 ||    22
